 Dungeon Crawl Stone Soup version 0.29.1-4-g47bece8355 (webtiles) character file.

Game seed: 7852387862074609650

1176 retardedninja the Cleaver (level 8, -2/69 HPs)
             Began as a Hill Orc Fighter on Dec 8, 2022.
             Slain by an orc warrior
             ... wielding a +0 battleaxe
              (9 damage)
             ... on level 7 of the Dungeon.
             The game lasted 00:06:23 (3960 turns).

retardedninja the Cleaver (Hill Orc Fighter)        Turns: 3960, Time: 00:06:24

Health: -2/69      AC: 12    Str: 24    XL:     8   Next: 41%
Magic:  17/17      EV:  9    Int:  8    God:
Gold:   120        SH: 14    Dex: 10    Spells: 7/7 levels left

rFire   + . .      SeeInvis .   a - +0 war axe
rCold   + . .      Faith    .   i - +0 kite shield
rNeg    + . .      Spirit   .   b - +0 scale mail
rPois   +          Reflect  +   p - +1 helmet
rElec   +          Harm     .   u - +0 cloak
rCorr   +          Rampage  .   (no gloves)
Will    .....                   g - +0 pair of boots "Ypnie" {rN+ Regen+ MP+9 Str+3}
Stlth   ..........              h - amulet of reflection
HPRegen 1.01/turn               (no ring)
MPRegen 0.15/turn               (no ring)

@: mighty, resistant
A: no striking features
a: no special abilities


You were on level 7 of the Dungeon.
You visited 1 branch of the dungeon, and saw 5 of its levels.

You collected 120 gold pieces.

Inventory:

Hand Weapons
 a - a +0 war axe (weapon)
Missiles
 n - 2 throwing nets (quivered)
 s - 5 javelins
Armour
 b - a +0 scale mail (worn)
 g - the +0 pair of boots "Ypnie" (worn) {rN+ Regen+ MP+9 Str+3}
   (You found it on level 2 of the Dungeon)

   Str:       It affects your strength (+3).
   rN:        It protects you from negative energy.
   MP:        It affects your magic capacity (+9).
   Regen:     It increases your rate of health regeneration.
 i - a +0 kite shield (worn)
 p - a +1 helmet (worn)
 u - a +0 cloak (worn)
Jewellery
 h - an amulet of reflection (around neck)
 v - a ring of poison resistance
Scrolls
 c - 2 scrolls of identify {unknown}
 e - a scroll of immolation {unknown}
 f - a scroll of blinking {unknown}
 l - a scroll of fog {unknown}
 o - a scroll of enchant armour {unknown}
 r - a scroll of teleportation {unknown}
 t - a scroll of magic mapping {unknown}
Potions
 d - a potion of might
 k - 2 potions of ambrosia {unknown}
 m - 2 potions of cancellation {unknown}
 w - 2 potions of attraction {unknown}
 x - a potion of flight {unknown}


   Skills:
 + Level 5.4 Fighting
 + Level 9.0 Axes
 + Level 5.3 Armour
 + Level 1.7 Dodging
 + Level 0.1 Stealth
 + Level 5.7 Shields


You had 7 spell levels left.
You didn't know any spells.
Your spell library contained the following spells:

 Spells                   Type           Power      Damage    Failure   Level
 Confusing Touch          Hex            0%         N/A       100%        3
 Yara's Violent Unravell  Hex/Tmut       0%         3d3       100%        5
 Enfeeble                 Hex            0%         N/A       100%        7


Dungeon Overview and Level Annotations

Branches:
Dungeon (4/15)
 Temple: D:4-7

Altars:
Hepliaklqana
Qazlal
Vehumet
Yredelemnul
Beogh

Shops:
D:4 (


Message History

You block the acid dragon's attack.
The orc warrior hits you with a +0 battleaxe!
* * * LOW HITPOINT WARNING * * *
Something hits you.
* * * LOW HITPOINT WARNING * * *
The necrophage hits you but does no damage.
You feel much better.
The bullfrog hits you but does no damage.
The acid dragon bites you. You block the acid dragon's attack.
Something hits you but does no damage.
The orc warrior hits you with a +0 battleaxe.
The necrophage hits you but does no damage.
You block the bullfrog's attack.
You barely miss the bullfrog.
The bullfrog is severely wounded.
You hit the orc warrior. You closely miss the acid dragon.
You hit the necrophage. You barely miss something.
You block the bullfrog's attack. Something hits you but does no damage.
The orc warrior hits you with a +0 battleaxe.
The acid dragon misses you. You block the acid dragon's attack.
The necrophage barely misses you. You block the bullfrog's attack.
You closely miss the bullfrog.
The bullfrog is severely wounded.
You slash the acid dragon! You slash the necrophage! You miss something.
You hit the orc warrior.
The acid dragon bites you but does no damage.
You block the acid dragon's attack.
You hear some strange, mumbled words.
A puff of flame appears from out of thin air!
The puff of flame hits you. You resist.
* * * LOW HITPOINT WARNING * * *
The orc warrior hits you with a +0 battleaxe!
* * * LOW HITPOINT WARNING * * *
The necrophage hits you but does no damage.
The bullfrog hits you but does no damage.
You block the acid dragon's attack.
The acid dragon claws you but does no damage.
The necrophage barely misses you.
The orc warrior hits you with a +0 battleaxe!
You die...

...# #............... ...
#.................. ...
#....................#
#....................#
#.<...................#
###
.......................#
#..
.##.....#............#.#
#..
...###.##...n....>.##.####
#.. ...
.......{@...........###..
.......oFD...............
####.....##############..
##...## ###.. #...#
........ #...# ........
#..... ######.. .......
### ....♣..


You could see an orc warrior, an acid dragon, a necrophage and a bullfrog.

Vanquished Creatures
  Sigmund (D:2)
  2 ice beasts (D:7)
  A sky beast (D:7)
  2 ogres (D:4)
  A phantom (D:3)
  A bullfrog (D:7)
  2 scorpions (D:4)
  A jelly (D:4)
  Crazy Yiuf (D:3)
  An iguana (D:4)
  Natasha (D:2)
  3 orc wizards
  Robin (D:2)
  2 adders (D:3)
  4 dart slugs (D:1)
  A worm (D:3)
  7 orcs
  9 ball pythons
  8 endoplasms
  6 giant cockroaches
  13 goblins
  9 hobgoblins
  8 jackals
  5 quokkas
  6 bats
  A frilled lizard (D:1)
  8 kobolds
  3 rats
108 creatures vanquished.

Notes
Turn   | Place    | Note
-------+----------+-------------------------------------------
     0 | D:1      | retardedninja the Hill Orc Fighter began the quest for the
                  | Orb.
     0 | D:1      | Reached XP level 1. HP: 19/19 MP: 1/1
    53 | D:1      | Reached skill level 3 in Axes
    69 | D:1      | Reached XP level 2. HP: 27/27 MP: 2/2
   307 | D:1      | Found a roughly hewn altar of Beogh.
   315 | D:1      | Reached XP level 3. HP: 24/33 MP: 3/3
   479 | D:1      | Found a faded altar of an unknown god.
  1124 | D:2      | Identified the +0 pair of boots "Ypnie" {rN+ Regen+ MP+9
                  | Str+3}
  1253 | D:2      | Noticed Natasha
  1260 | D:2      | Killed Natasha
  1261 | D:2      | Reached skill level 4 in Axes
  1261 | D:2      | Reached XP level 4. HP: 40/40 MP: 4/4
  1399 | D:2      | Noticed Robin
  1408 | D:2      | Killed Robin
  1409 | D:2      | Reached skill level 1 in Dodging
  1754 | D:2      | Noticed Sigmund
  1762 | D:2      | Killed Sigmund
  1763 | D:2      | Reached skill level 5 in Axes
  1763 | D:2      | Reached XP level 5. HP: 47/47 MP: 5/5
  1763 | D:2      | Reached XP level 6. HP: 53/53 MP: 6/6
  1924 | D:3      | Reached skill level 6 in Axes
  2000 | D:3      | Found a stormy altar of Qazlal.
  2015 | D:3      | Found a basalt altar of Yredelemnul.
  2022 | D:3      | Found a hazy altar of Hepliaklqana.
  2736 | D:3      | Identified the +7 flail "Laatus" {antimagic, rElec}
  2767 | D:3      | Found a runed translucent door.
  2768 | D:3      | Noticed Crazy Yiuf
  3183 | D:3      | Killed Crazy Yiuf
  3184 | D:3      | Reached XP level 7. HP: 60/60 MP: 7/7
  3326 | D:4      | Found Nitz's Antique Weapon Boutique.
  3326 | D:4      | Identified the +1 mace of Maekesi {flame, Drain rF++ Str+3
                  | Dex+4}
  3406 | D:4      | Reached skill level 7 in Axes
  3554 | D:4      | Reached skill level 5 in Shields
  3559 | D:4      | Reached skill level 5 in Fighting
  3559 | D:4      | Reached skill level 5 in Armour
  3564 | D:4      | Reached skill level 8 in Axes
  3602 | D:4      | You fall into a shaft and drop 3 floors!
  3617 | D:7      | Reached XP level 8. HP: 68/68 MP: 8/8
  3857 | D:7      | Found a radiant altar of Vehumet.
  3910 | D:7      | Reached skill level 9 in Axes
  3960 | D:7      | Slain by an orc warrior

Illustrated notes

Levels and vault maps discovered:
D:1:      dpeg_arrival_arbitrary_c, layout_rooms,
          hellmonk_ecumenical_altar_defaced_shrine
D:2:      layout_basic, uniq_robin, uniq_natasha, uniq_sigmund
D:3:      layout_loops_corners, minmay_overflow_temple_star_quad,
          uniq_crazy_yiuf_cottage
D:4:      minmay_recursive_quarters, layout_loops_ring, serial_shops, shop,
          nicolae_figureground_sparkle
D:7:      layout_rooms, amethyst_overflow_temple_binary, vehumet_crystals,
          minmay_temple_entry_from_below_a, grunt_ministairs_6,
          hangedman_misty_isle, uniq_joseph

Skill      XL: |  1  2  3  4  5  6  7  8 |
---------------+-------------------------+-----
Axes           | 3 4 5 6 8 9 |  9.0
Fighting       | 4 5 |  5.4
Dodging        | 1 |  1.7
Armour         | 4 5 |  5.3
Shields        | 4 5 |  5.7
Stealth        | |  0.1

Action                   |  1- 3 |  4- 6 |  7- 9 || total
-------------------------+-------+-------+-------++-------
Melee: War axe           |    90 |   155 |    90 ||   335
  Use: Potion            |     2 |     1 |     5 ||     8
       Scroll            |       |       |     1 ||     1
Armor: Scale mail        |    52 |    64 |    48 ||   164
Dodge: Dodged            |    54 |    46 |    39 ||   139
Block: Buckler           |    16 |       |       ||    16
       Kite shield       |     3 |   110 |    73 ||   186
